 Dungeon Crawl Stone Soup version 0.31-a0-255-g9c3d1c461a (webtiles) character file.

Game seed: 4486497738782815444

19 qw the Shooter (level 2, -1/24 HPs)
             Began as a Minotaur Hexslinger on July 12, 2023.
             Slain by a gnoll
             ... wielding a +0 flail
              (7 damage)
             ... on level 1 of the Dungeon.
             The game lasted 00:00:17 (511 turns).

qw the Shooter (Minotaur Hexslinger)                 Turns: 511, Time: 00:00:18

Health: -1/24      AC:  4    Str: 12    XL:     2   Next: 55%
Magic:  2/2        EV: 11    Int: 10    God:
Gold:   51         SH:  0    Dex: 12    Spells: 2/3 levels left

rFire   . . .        Y - +1 sling
rCold   . . .        (no shield)
rNeg    + . .        g - +0 leather armour
rPois   .            (helmet restricted)
rElec   .            d - +0 cloak
rCorr   .            (no gloves)
SInv    .            (no boots)
Will    +....        (no amulet)
Stlth   +            j - ring of positive energy
HPRegen 0.24/turn    (no ring)
MPRegen 0.08/turn

%: no passive effects
@: enlightened, flying
A: horns 2, retaliatory headbutt
a: no special abilities


You were on level 1 of the Dungeon.
You visited 1 branch of the dungeon, and saw 2 of its levels.

You collected 51 gold pieces.


Innate Abilities, Weirdness & Mutations

You have a pair of horns on your head.
You reflexively headbutt those who attack you in melee.


   Skills:
 - Level 2.0 Fighting
 + Level 3.2 Ranged Weapons
 - Level 2.1 Dodging
 - Level 1.0 Spellcasting
 - Level 2.0 Hexes


You had 2 spell levels left.
You knew the following spells:

 Your Spells              Type           Power      Damage    Failure   Level
a - Slow                  Hex            16%        N/A       19%         1

Your spell library contained the following spells:

 Spells                   Type           Power      Damage    Failure   Level
 Inner Flame              Hex/Fire       2%         N/A       65%         3
 Portal Projectile        Hex/Tloc       4%         N/A       65%         3
 Cause Fear               Hex            2%         N/A       88%         4

Inventory:

Hand Weapons
 Y - a +1 sling (weapon)
Armour
 d - a +0 cloak (worn)
 g - a +0 leather armour (worn)
Jewellery
 j - a ring of positive energy (left hand)
Scrolls
 a - a scroll of identify
Potions
 e - a potion of brilliance {unknown}
 k - a potion of mutation {unknown}
 l - a potion of enlightenment

Dungeon Overview and Level Annotations

Branches:
Dungeon (2/15)

Altars:


Message History

The hobgoblin misses you.
You shoot a sling bullet.
The sling bullet barely misses the hobgoblin.
The hobgoblin completely misses you.
You shoot a sling bullet.
The sling bullet closely misses the hobgoblin.
A gnoll comes into view. It is wielding a +0 spear.
The hobgoblin hits you.
You shoot a sling bullet. The sling bullet hits the hobgoblin.
The hobgoblin is moderately wounded.
A gnoll comes into view. It is wielding a +0 flail.
The hobgoblin barely misses you. The gnoll barely misses you.
A worm comes into view.
The hobgoblin hits you.
The gnoll hits you from afar with a +0 spear!
505 ||| STAIRDANCE The gnoll barely misses you.
The gnoll closely misses you. The hobgoblin hits you.
You fly upwards.
There is a stone staircase leading down here.
Enter note:
Enter note:
Enter note:
Enter note: You shoot a sling bullet.
The sling bullet barely misses the hobgoblin.
The hobgoblin hits you. The gnoll misses you.
You shoot a sling bullet. The sling bullet hits the hobgoblin.
You kill the hobgoblin!
The gnoll hits you with a +0 flail.
You shoot a sling bullet. The sling bullet hits the gnoll.
The gnoll is moderately wounded.
The gnoll hits you with a +0 flail. x2
You shoot a sling bullet. The sling bullet hits the gnoll.
The gnoll is moderately wounded.
The gnoll hits you with a +0 flail.
You shoot a sling bullet. The sling bullet hits the gnoll.
The gnoll is heavily wounded.
The gnoll hits you with a +0 flail!
You die...

.........####.####...##.##...#
....?.........####...##.####.#
................##..###.## #.###
....................###..# #...##
.....................###.#####...
..[.............#.....##......#..
#......###.#..#####....#......###
##########.##...g####.........###
###..#####@%.#.............
#######...## ###.....#.........
..........# #.%%..#...[..##.
......?...# #.##..#......##.
..........# #.##...#.#######
..........# #.###..%..######
..........# ##.###..#........
..........#######...##..#.######.
................#...###.#.# ##


You could see a gnoll.

Vanquished Creatures
  5 bats (D:1)
  2 endoplasms (D:1)
  4 hobgoblins (D:1)
  A jackal (D:1)
  A kobold (D:1)
  4 ball pythons (D:1)
  A goblin (D:1)
18 creatures vanquished.

Notes
Turn   | Place    | Note
-------+----------+-------------------------------------------
     0 | D:1      | qw the Minotaur Hexslinger began the quest for the Orb.
     0 | D:1      | Reached XP level 1. HP: 16/16 MP: 1/1
     0 | D:1      | 0 ||| qw: Version: 0.3-a-52-g30416fa
     0 | D:1      | 0 ||| qw: Game counter: 6683
     0 | D:1      | 0 ||| qw: Melee chars always use a shield: true
     0 | D:1      | 0 ||| qw: God list: Okawaru
     0 | D:1      | 0 ||| qw: Allow faded altars: false
     0 | D:1      | 0 ||| qw: Do Orc after clearing Dungeon:15 true
     0 | D:1      | 0 ||| qw: Do second Lair branch before Depths: true
     0 | D:1      | 0 ||| qw: Lair rune preference: random
     0 | D:1      | 0 ||| qw: Goals: Normal
     0 | D:1      | 0 ||| PLANNING D:1-11
   155 | D:1      | Reached skill level 3 in Ranged Weapons
   155 | D:1      | Reached XP level 2. HP: 23/23 MP: 2/2
   462 | D:1      | 462 ||| UPGRADING to +0 cloak.
   467 | D:1      | 467 ||| UPGRADING to +0 leather armour.
   477 | D:1      | 477 ||| DROPPING +0 robe.
   478 | D:1      | 478 ||| UPGRADING to ring of positive energy.
   479 | D:1      | 479 ||| READING 2 scrolls labelled QIRAV FO LAGIO.
   480 | D:1      | 480 ||| READING scroll labelled TIERER CI LETH.
   481 | D:1      | 481 ||| READING scroll labelled YDWOENWYUGE.
   485 | D:1      | 485 ||| DRINKING 2 clear potions.
   486 | D:1      | 486 ||| DROPPING scroll of poison.
   505 | D:2      | 505 ||| STAIRDANCE
   509 | D:1      | HP: 6/24 [gnoll/+0 flail (2)]
   511 | D:1      | Slain by a gnoll

Levels and vault maps discovered:
D:1:      grunt_arrival_crossed_arrows, layout_rooms, chequers_garden,
          minmay_pentomino_p4
D:2:      layout_basic, uniq_sigmund

Skill      XL: |  1  2 |
---------------+-------+-----
Ranged Weapons | 3 |  3.2
Fighting       | 2 |  2.0
Dodging        | |  2.1
Spellcasting   | |  1.0
Hexes          | |  2.0

Action                     || total
---------------------------++-------
   Fire: Sling             ||    68
    Use: Scroll            ||     3
         Potion            ||     1
 Armour: Robe              ||     7
  Dodge: Dodged            ||    22

Table legend:
 A = Non-vault XP
 B = Vault XP
 C = Vault XP percentage of total XP
 D = Non-vault monster count
 E = Vault monster count
 F = Vault count percentage of total count
                 A         B        C        D         E       F
            +---------+---------+-------+---------+---------+-------
      Total |      23 |       5 |  17.9 |      15 |       3 |  16.7
            +---------+---------+-------+---------+---------+-------
        D:1 |      23 |       5 |  17.9 |      15 |       3 |  16.7
            +---------+---------+-------+---------+---------+-------
